 Dungeon Crawl Stone Soup version 0.28.0-53-g5a82cb258f (webtiles) character file.

Game seed: 7599870543771383620

109 protoss039 the Digger (level 4, -2/34 HPs)
             Began as a Demonspawn Earth Elementalist on June 1, 2022.
             Slain by an orc
             ... wielding a +0 mace
              (4 damage)
             ... on level 4 of the Dungeon.
             The game lasted 00:05:15 (3138 turns).

protoss039 the Digger (DsEE)                        Turns: 3138, Time: 00:05:16

Health: -2/34      AC:  9    Str:  8    XL:     4   Next: 59%
Magic:  7/7        EV: 11    Int: 19    God:
Gold:   118        SH:  0    Dex: 13    Spells: 5/8 levels left

rFire   . . .      SeeInvis .   a - +2 dagger (venom)
rCold   . . .      Faith    .   (no shield)
rNeg    . . .      Spirit   .   m - +3 leather armour
rPois   .          Reflect  .   n - +2 helmet
rElec   .          Harm     .   (no cloak)
rCorr   .          Rampage  .   (no gloves)
Will    .....                   (no boots)
Stlth   ++........              (no amulet)
HPRegen 0.11/turn               (no ring)
MPRegen 0.20/turn               (no ring)

@: no status effects
A: magic regeneration, demonic touch 1
a: no special abilities


You were on level 4 of the Dungeon.
You visited 1 branch of the dungeon, and saw 4 of its levels.

You collected 118 gold pieces.

Inventory:

Hand Weapons
 a - a +2 dagger of venom (weapon)
 l - a +0 mace of draining
Missiles
 c - 90 stones
Armour
 m - a +3 leather armour (worn)
 n - a +2 helmet (worn)
Wands
 k - a wand of flame (26)
Scrolls
 e - a scroll of teleportation {unknown}
 f - a scroll of amnesia {unknown}
 h - 2 scrolls of vulnerability {unknown}
 j - 3 scrolls of identify {unknown}
Potions
 d - a potion of resistance {unknown}
 g - 3 potions of mutation {unknown}
 i - a potion of flight {unknown}


   Skills:
 * Level 2.5 Fighting
 + Level 1.5 Armour
 - Level 1.7 Dodging
 - Level 1.7 Stealth
 + Level 2.6 Spellcasting
 - Level 1.0 Transmutations
 + Level 3.2 Earth Magic


You had 5 spell levels left.
You knew the following spells:

 Your Spells              Type           Power      Damage    Failure   Level
a - Sandblast             Erth           28%        2d8       6%          1
b - Passwall              Tmut/Erth      8%         N/A       14%         2

Your spell library contained the following spells:

 Spells                   Type           Power      Damage    Failure   Level
 Beastly Appendage        Tmut           12%        N/A       16%         1
 Sting                    Tmut/Pois      16%        1d3       19%         1
 Wereblood                Tmut           6%         N/A       22%         2
 Ensorcelled Hibernation  Hex/Ice        4%         N/A       34%         2
 Stone Arrow              Conj/Erth      16%        3d8       34%         3
 Spider Form              Tmut/Pois      4%         N/A       50%         3
 Swiftness                Air            2%         N/A       56%         3
 Petrify                  Tmut/Erth      10%        N/A       67%         4


Dungeon Overview and Level Annotations

Branches:
Dungeon (4/15)
 Temple: D:4-7

Altars:


Innate Abilities, Weirdness & Mutations

You regenerate magic rapidly.
Your touch may inflict minor irresistible damage on your foes.


Message History

The orc hits you but does no damage.
Unknown command.
Unknown command.
You closely miss the orc.
The orc is moderately wounded.
The orc hits you with a +0 mace. The orc hits you but does no damage. x2
Unknown command.
You hit the orc.
You kill the orc!
The orc hits you with a +0 mace. The orc barely misses you.
Unknown command.
You barely miss the orc.
You touch the orc.
The orc is heavily wounded.
The orc barely misses you. The orc hits you but does no damage.
Unknown command.
You closely miss the orc.
The orc is heavily wounded.
The orc hits you with a +0 mace. The orc hits you with a +0 hand axe.
You hit the orc.
The orc is poisoned.
The orc is heavily wounded.
The orc barely misses you. The orc hits you with a +0 hand axe.
Unknown command.
You are too injured to fight recklessly!
Unknown command.
You are too injured to fight recklessly!
Unknown command.
You completely miss the orc.
The orc is heavily wounded.
The orc barely misses you. The orc hits you but does no damage.
You hit the orc but do no damage.
The orc is poisoned.
You touch the orc.
The orc is heavily wounded.
The orc hits you with a +0 mace!
* * * LOW HITPOINT WARNING * * *
The orc hits you with a +0 hand axe.
* * * LOW HITPOINT WARNING * * *
You hit the orc but do no damage.
The orc looks even sicker.
The orc is severely wounded.
You kill the orc!
The orc hits you with a +0 mace.
You die...

########
####.....)####..
#.......@)......
#.##.....o......
#.###.##......##
#.#<#.##.....?#
#.#.#.........#
#.#.#...........
#...#.....###...
########### .$.


You could see an orc (very poisoned).

Vanquished Creatures
  A gnoll (D:1)
  3 adders (D:2)
  3 dart slugs
  3 orcs
  5 ball pythons
  2 endoplasms
  12 giant cockroaches
  A goblin (D:1)
  4 hobgoblins
  6 jackals (D:2)
  4 kobolds
  A quokka (D:1)
  6 bats
  3 frilled lizards
  8 rats
62 creatures vanquished.

Notes
Turn   | Place    | Note
-------+----------+-------------------------------------------
     0 | D:1      | protoss039 the Demonspawn Earth Elementalist began the
                  | quest for the Orb.
     0 | D:1      | Reached XP level 1. HP: 13/13 MP: 3/3
    43 | D:1      | Reached skill level 1 in Transmutations
   358 | D:1      | Found a faded altar of an unknown god.
   370 | D:1      | Gained mutation: Your touch may inflict minor irresistible
                  | damage on your foes. [demonic ancestry]
   370 | D:1      | Reached XP level 2. HP: 7/20 MP: 0/5
   374 | D:1      | Got Plato's Disquisition on Envenoming
   627 | D:1      | Reached skill level 1 in Fighting
  1079 | D:2      | Learned a level 2 spell: Passwall
  1109 | D:2      | Gained mutation: You regenerate magic rapidly. [demonic
                  | ancestry]
  1109 | D:2      | Reached XP level 3. HP: 26/26 MP: 6/6
  1159 | D:2      | Reached skill level 1 in Armour
  1159 | D:2      | Reached skill level 3 in Earth Magic
  1784 | D:2      | Reached XP level 4. HP: 30/33 MP: 7/7
  3138 | D:4      | Slain by an orc

Illustrated notes

Levels and vault maps discovered:
D:1:      psy_arrival_basics, layout_basic, shapermc_ecumenical_altar_rom_forum,
          skrybe_limestone_x
D:2:      layout_basic, minmay_misc_feat_x
D:3:      minmay_roachtagon, layout_loops_corners
D:4:      minmay_diamond_boxcup, layout_basic, enter_ossuary_2, uniq_menkaure

Skill      XL: |  1  2  3 |
---------------+----------+-----
Transmutations | 1 |  1.0
Fighting       | 1 2 |  2.5
Armour         | 1 |  1.5
Earth Magic    | 3 |  3.2
Dodging        | |  1.7
Stealth        | |  1.7
Spellcasting   | |  2.6

Action                   |  1- 3 |  4- 6 || total
-------------------------+-------+-------++-------
Melee: Unarmed           |    28 |       ||    28
       Dagger            |    56 |    68 ||   124
       Touch             |    15 |    10 ||    25
       Punch             |     1 |       ||     1
 Cast: Sandblast         |    14 |       ||    14
 Stab: Sleeping          |     2 |     4 ||     6
Armor: Robe              |    20 |    12 ||    32
       Leather armour    |       |     7 ||     7
Dodge: Dodged            |    71 |    48 ||   119
